 Dungeon Crawl Stone Soup version 0.27.0-1-g7a089689b8 (webtiles) character file.

Game seed: 5007006961056711974

5248 BOMJPIETVODKU the Thaumaturge (level 10, -23/73 (76) HPs)
             Began as a Gnoll Earth Elementalist on Aug 3, 2021.
             Was a Follower of Cheibriados.
             Killed from afar by a lindwurm (40 damage)
             ... with a blast of flame
             ... on level 8 of the Dungeon.
             The game lasted 00:34:32 (9449 turns).

BOMJPIETVODKU the Thaumaturge (GnEE)                Turns: 9449, Time: 00:34:33

HP:   -23/73 (76)   AC:  5    Str: 10    XL:     10   Next: 62%
MP:   11/22         EV: 16    Int: 28    God:    Cheibriados [*.....]
Gold: 67            SH:  0    Dex: 15    Spells: 13/25 levels left

rFire    . . .     SeeInvis .   e - +4 dagger
rCold    . . .     Faith    .   (no shield)
rNeg     . . .     Spirit   .   b - +0 robe
rPois    .         Reflect  .   p - +0 helmet
rElec    .         Harm     .   (no cloak)
rCorr    .         Rampage  .   (no gloves)
Will     .....                  t - +0 pair of boots
Stlth    ++++......             (no amulet)
HPRegen  0.22/turn              J - +4 ring of slaying
MPRegen  0.18/turn              G - +6 ring of intelligence

@: flying, lightly drained, very slow
A: fangs 1, strong nose, distributed training
a: Renounce Religion, Bend Time


You were on level 8 of the Dungeon.
You worshipped Cheibriados.
Cheibriados was aware of your devotion.
You visited 2 branches of the dungeon, and saw 9 of its levels.
You also visited: Sewer.

You collected 326 gold pieces.
You spent 259 gold pieces at shops.

Inventory:

Hand Weapons
 a - a +0 short sword
 e - a +4 dagger (weapon)
 w - a +5 scythe
 E - a +5 morningstar
Missiles
 c - 142 stones
 g - 19 poisoned darts
 h - a throwing net
Armour
 b - a +0 robe (worn)
 p - a +0 helmet (worn)
 t - a +0 pair of boots (worn)
Magical Staves
 q - a staff of poison
Jewellery
 f - a ring of resist corrosion
 G - a +6 ring of intelligence (right hand)
 J - a +4 ring of slaying (left hand)
Wands
 l - a wand of flame (5)
 M - a wand of iceblast (5)
Scrolls
 d - 2 scrolls of enchant weapon
 n - 2 scrolls of teleportation {unknown}
 s - a scroll of fear {unknown}
 v - 2 scrolls of immolation {unknown}
 y - a scroll of noise {unknown}
 A - 2 scrolls of enchant armour
 C - 2 scrolls of fog
 F - a scroll of amnesia {unknown}
 H - a scroll of magic mapping {unknown}
 K - a scroll of blinking {unknown}
 N - a scroll of identify
Potions
 i - 6 potions of curing
 j - 2 potions of lignification
 k - 5 potions of mutation
 m - a potion of might {unknown}
 o - 3 potions of heal wounds
 r - a potion of attraction
 u - a potion of magic
 B - 2 potions of haste
 D - a potion of degeneration
 I - a potion of brilliance
 L - a potion of ambrosia {unknown}
Miscellaneous
 x - a phial of floods (inert)


   Skills:
 + Level 6.1 Fighting
 + Level 6.1 Short Blades
 + Level 6.1 Long Blades
 + Level 6.1 Axes
 + Level 6.1 Maces & Flails
 + Level 6.1 Polearms
 + Level 6.1 Staves
 + Level 6.1 Slings
 + Level 6.1 Bows
 + Level 6.1 Crossbows
 + Level 6.1 Throwing
 + Level 6.1 Armour
 + Level 7.7 Dodging
 + Level 7.5 Stealth
 + Level 6.1 Shields
 + Level 6.1 Unarmed Combat
 + Level 8.0 Spellcasting
 + Level 5.1 Conjurations
 + Level 5.1 Hexes
 + Level 5.1 Summonings
 + Level 5.1 Necromancy
 + Level 5.1 Translocations
 + Level 5.6 Transmutations
 + Level 5.1 Fire Magic
 + Level 5.1 Ice Magic
 + Level 5.1 Air Magic
 + Level 7.5 Earth Magic
 + Level 5.1 Poison Magic
 + Level 6.7 Invocations
 + Level 6.1 Evocations


You had 13 spell levels left.
You knew the following spells:

 Your Spells              Type           Power      Damage    Failure   Level
a - Sandblast             Erth           100%       2d20      1%          1
b - Poisonous Vapours     Pois/Air       78%        N/A       1%          2
c - Passwall              Tmut/Erth      40%        N/A       1%          2
d - Stone Arrow           Conj/Erth      92%        3d12      1%          3
e - Blink                 Tloc           N/A        N/A       1%          2
f - Slow                  Hex            39%        N/A       1%          2

Your spell library contained the following spells:

 Spells                   Type           Power      Damage    Failure   Level
 Apportation              Tloc           78%        N/A       1%          1
 Beastly Appendage        Tmut           84%        N/A       1%          1
 Corona                   Hex            43%        N/A       1%          1
 Corpse Rot               Necr/Air       N/A        N/A       1%          2
 Ensorcelled Hibernation  Hex/Ice        78%        N/A       1%          2
 Wereblood                Tmut           42%        N/A       1%          2
 Call Canine Familiar     Summ           39%        N/A       1%          3
 Confusing Touch          Hex            39%        N/A       1%          3
 Portal Projectile        Hex/Tloc       78%        N/A       1%          3
 Spider Form              Tmut/Pois      20%        N/A       1%          3
 Tukima's Dance           Hex            39%        N/A       1%          3
 Vampiric Draining        Necr           19%        2d8       1%          3
 Leda's Liquefaction      Hex/Erth       23%        N/A       3%          4
 Petrify                  Tmut/Erth      48%        N/A       3%          4
 Alistair's Intoxication  Tmut/Pois      27%        N/A       16%         5
 Freezing Cloud           Conj/Ice/Air   19%        6-21      17%         5
 Manifold Assault         Tloc           39%        N/A       17%         5
 Invisibility             Hex            19%        N/A       67%         6
 Storm Form               Tmut/Air       20%        N/A       99%         7


Dungeon Overview and Level Annotations

Branches:
Dungeon (8/15)             Temple (1/1) D:7            Lair (0/6) D:8
  Sewer (visited)

Altars:
Ashenzari
Cheibriados
Dithmenos
Elyvilon
Fedhas
Hepliaklqana
Kikubaaqudgha
Nemelex Xobeh
Okawaru
Ru
Sif Muna
Trog
Uskayaw
Vehumet
Xom
Yredelemnul
Zin

Shops:
D:1 (   D:4 :([**   D:7 *=:

Annotations:
D:4 exclusion: oklob plant


Innate Abilities, Weirdness & Mutations

You have very sharp teeth.
Your uncanny sense of smell can sniff out nearby items.
Your experience applies equally to all skills.


Message History

You kill the jelly!
Cheibriados appreciates the change of pace.
N - a scroll of identify You feel very buoyant.
You fly up into the air.
A lindwurm comes into view.
The lindwurm roars!
You hear a roar! x2
A lindwurm comes into view. x3
Found five items.
Found an escape hatch in the floor.
Found a chain mail and 23 arrows.
The lindwurm barely misses you. x2; The lindwurm claws you.
The stone arrow misses the lindwurm.
The lindwurm roars!
The lindwurm barely misses you. The lindwurm completely misses you.
The lindwurm misses you.
The stone arrow hits the lindwurm!
The lindwurm is moderately wounded.
The lindwurm barely misses you. The lindwurm claws you.
The lindwurm misses you.
The stone arrow hits the lindwurm.
The lindwurm is heavily wounded.
The lindwurm misses you. The lindwurm barely misses you.
The lindwurm claws you.
The stone arrow hits the lindwurm.
The lindwurm is heavily wounded.
The lindwurm breathes flames at you. The blast of flame hits you!!!
You are too injured to fight recklessly!
You are too injured to fight recklessly!
The lindwurm bites you!
* * * LOW HITPOINT WARNING * * *
The lindwurm claws you but does no damage.
The lindwurm claws you.
* * * LOW HITPOINT WARNING * * *
The lindwurm breathes flames at you. The blast of flame misses you.
The lindwurm breathes flames at you. The blast of flame hits you!!!
Ouch! That really hurt!
You die...

#....########..
#.......#...#..
................
##...#......#..#
....##.........##
##[......≈≈...).###
....§.§§≈≈§≈≈≈....####
..§§§§≈≈§≈§≈≈≈≈≈.....#
.).≈≈§≈§§§≈≈≈≈≈§@....##
..≈≈§≈≈≈≈§≈≈≈≈§≈≈≈....#
.≈≈§≈§§≈≈≈≈≈§≈§≈≈≈≈...#
.§≈≈≈≈≈≈....≈≈§§≈≈≈...#
≈≈≈≈≈≈...##kkk≈≈≈§≈≈..#
≈≈≈≈§≈..####k.§§≈≈§§.##
≈≈§§§..#.∆∆.#..§≈§§§..#
≈≈§§≈.##∆∆)/##.§≈§§≈≈.#
§≈≈≈≈.##∆>))##.≈§≈≈≈≈.#


You could see 4 lindwurms.

Vanquished Creatures
  The ghost of weresquid the Carver, a novice DrGl of the Shining One (D:6)
  Sigmund (D:5)
  A water moccasin (D:7)
  An orc warrior (D:7)
  4 ice beasts
  A black bear (D:4)
  A necrophage (D:6)
  3 centaurs
  5 ogres
  3 kobold brigands
  A bullfrog (D:6)
  A wyvern zombie (D:5)
  2 scorpions
  A wyvern skeleton (D:7)
  A water moccasin skeleton (D:6)
  6 killer bees (D:8)
  15 wights
  2 howler monkeys
  A bullfrog zombie (D:6)
  Crazy Yiuf (D:5)
  2 jellies
  A centaur skeleton (D:7)
  A hound (D:5)
  2 bullfrog skeletons
  2 iguanas
  2 orc wizards (D:7)
  A killer bee zombie (D:7)
  2 howler monkey skeletons (D:7)
  13 gnolls
  9 adders
  2 river rats (D:5)
  A shadow imp (D:5)
  A white imp (D:6)
  An ufetubus (D:6)
  4 worms
  A dart slug (D:1)
  13 orcs
  2 ball pythons (D:1)
  8 endoplasms
  3 giant cockroaches
  7 goblins
  5 hobgoblins
  6 jackals
  3 quokkas (D:4)
  11 bats
  4 frilled lizards
  16 kobolds
  16 rats
  A spectral hobgoblin (D:1)
192 creatures vanquished.

Vanquished Creatures (others)
  A bullfrog (D:7)
  2 fungi
  6 plants (D:4)
9 creatures vanquished.

Grand Total: 201 creatures vanquished

Notes
Turn   | Place    | Note
-------+----------+-------------------------------------------
     0 | D:1      | BOMJPIETVODKU the Gnoll Earth Elementalist began the quest
                  | for the Orb.
     0 | D:1      | Reached XP level 1. HP: 13/13 MP: 6/6
     3 | D:1      | Found Beocosoa's Weapon Shoppe.
   169 | D:1      | Reached XP level 2. HP: 18/19 MP: 4/7
   421 | D:1      | Found a faded altar of an unknown god.
   466 | D:1      | Reached skill level 5 in Spellcasting
   466 | D:1      | Reached XP level 3. HP: 16/25 MP: 0/9
   624 | D:1      | Reached skill level 1 in Invocations
  1021 | D:2      | Reached skill level 1 in Fighting
  1021 | D:2      | Reached skill level 1 in Short Blades
  1021 | D:2      | Reached skill level 1 in Long Blades
  1021 | D:2      | Reached skill level 1 in Axes
  1021 | D:2      | Reached skill level 1 in Maces & Flails
  1021 | D:2      | Reached skill level 1 in Polearms
  1021 | D:2      | Reached skill level 1 in Staves
  1021 | D:2      | Reached skill level 1 in Slings
  1021 | D:2      | Reached skill level 1 in Bows
  1021 | D:2      | Reached skill level 1 in Crossbows
  1021 | D:2      | Reached skill level 1 in Throwing
  1021 | D:2      | Reached skill level 1 in Armour
  1021 | D:2      | Reached skill level 1 in Shields
  1021 | D:2      | Reached skill level 1 in Unarmed Combat
  1021 | D:2      | Reached skill level 1 in Evocations
  1092 | D:2      | Reached XP level 4. HP: 32/32 MP: 8/11
  1097 | D:2      | Reached skill level 1 in Conjurations
  1097 | D:2      | Reached skill level 1 in Hexes
  1097 | D:2      | Reached skill level 1 in Summonings
  1097 | D:2      | Reached skill level 1 in Necromancy
  1097 | D:2      | Reached skill level 1 in Translocations
  1097 | D:2      | Reached skill level 1 in Fire Magic
  1097 | D:2      | Reached skill level 1 in Ice Magic
  1097 | D:2      | Reached skill level 1 in Air Magic
  1097 | D:2      | Reached skill level 1 in Poison Magic
  1345 | D:2      | Reached XP level 5. HP: 37/37 MP: 10/12
  2075 | D:3      | Found a radiant altar of Vehumet.
  2643 | D:3      | Reached XP level 6. HP: 41/44 MP: 6/13
  2696 | D:3      | Found a shimmering altar of Xom.
  3081 | D:4      | Found Neuras's Antique Armour Shoppe.
  3101 | D:4      | Learned a level 2 spell: Poisonous Vapours
  3102 | D:4      | Found Meulyh's Assorted Antiques.
  3171 | D:4      | Found Ywiobuss's Assorted Antiques.
  3189 | D:4      | Bought a pink potion for 29 gold pieces
  3228 | D:4      | Learned a level 2 spell: Passwall
  3232 | D:4      | Learned a level 3 spell: Stone Arrow
  3307 | D:4      | Found Adwerch's Weapon Shop.
  3317 | D:4      | Found Fiastreob's Book Shoppe.
  3341 | D:4      | Reached skill level 5 in Dodging
  3504 | D:4      | Found a blossoming altar of Fedhas.
  3526 | D:4      | Noticed an oklob plant
  3636 | D:4      | Bought a scroll labelled ONNISTR BUYMIS for 21 gold pieces
  3636 | D:4      | Bought a scroll labelled FARYXE YDOE for 21 gold pieces
  3636 | D:4      | Bought a scroll labelled FARYXE YDOE for 21 gold pieces
  3636 | D:4      | Bought a lumpy cyan potion for 18 gold pieces
  3651 | D:4      | Learned a level 2 spell: Blink
  3780 | D:4      | Noticed a black bear
  3786 | D:4      | Killed a black bear
  3787 | D:4      | Reached XP level 7. HP: 50/50 MP: 12/15
  3981 | D:5      | Entered Level 5 of the Dungeon
  4016 | D:5      | Noticed Sigmund
  4020 | D:5      | Killed Sigmund
  4051 | D:5      | Found a runed translucent door.
  4052 | D:5      | Noticed Crazy Yiuf
  4340 | D:5      | Reached skill level 5 in Stealth
  4385 | D:5      | Found a glowing drain.
  4393 | Sewer    | Entered a sewer
  4509 | Sewer    | Found a white marble altar of Elyvilon.
  4790 | D:5      | Reached XP level 8. HP: 57/57 MP: 12/16
  5078 | D:5      | Found a sacrificial altar of Ru.
  5265 | D:5      | Reached skill level 6 in Spellcasting
  5379 | D:5      | Learned a level 2 spell: Slow
  5391 | D:5      | Killed Crazy Yiuf
  5570 | D:6      | Reached skill level 5 in Fighting
  5570 | D:6      | Reached skill level 5 in Short Blades
  5570 | D:6      | Reached skill level 5 in Long Blades
  5570 | D:6      | Reached skill level 5 in Axes
  5570 | D:6      | Reached skill level 5 in Maces & Flails
  5570 | D:6      | Reached skill level 5 in Polearms
  5570 | D:6      | Reached skill level 5 in Staves
  5570 | D:6      | Reached skill level 5 in Slings
  5570 | D:6      | Reached skill level 5 in Bows
  5570 | D:6      | Reached skill level 5 in Crossbows
  5570 | D:6      | Reached skill level 5 in Throwing
  5570 | D:6      | Reached skill level 5 in Armour
  5570 | D:6      | Reached skill level 5 in Shields
  5570 | D:6      | Reached skill level 5 in Unarmed Combat
  5570 | D:6      | Reached skill level 7 in Spellcasting
  5570 | D:6      | Reached skill level 5 in Transmutations
  5570 | D:6      | Reached skill level 5 in Evocations
  5570 | D:6      | Reached XP level 9. HP: 68/68 MP: 17/20
  5925 | D:6      | Found a transporter.
  5929 | D:6      | Noticed weresquid's ghost (novice DrGl)
  5932 | D:6      | Found a transporter.
  5945 | D:6      | Killed weresquid's ghost
  6352 | D:6      | Reached XP level 10. HP: 76/76 MP: 8/21
  7053 | D:7      | Found Vajit's Book Boutique.
  7224 | D:7      | Found Ryowkaz's Jewellery Emporium.
  7268 | D:7      | Found a broken altar of Ashenzari.
  7669 | D:7      | Found a staircase to the Ecumenical Temple.
  7678 | Temple   | Entered the Ecumenical Temple
  7814 | Temple   | Became a worshipper of Cheibriados the Contemplative
  8012 | D:7      | Found Alucruin's General Store.
  8018 | D:7      | Bought a potion of brilliance for 52 gold pieces
  8018 | D:7      | Bought a scroll of enchant armour for 97 gold pieces
  8088 | D:7      | Reached skill level 5 in Conjurations
  8088 | D:7      | Reached skill level 5 in Hexes
  8088 | D:7      | Reached skill level 5 in Summonings
  8088 | D:7      | Reached skill level 5 in Necromancy
  8088 | D:7      | Reached skill level 5 in Translocations
  8088 | D:7      | Reached skill level 5 in Fire Magic
  8088 | D:7      | Reached skill level 5 in Ice Magic
  8088 | D:7      | Reached skill level 5 in Air Magic
  8088 | D:7      | Reached skill level 5 in Poison Magic
  8477 | D:8      | Reached * piety under Cheibriados
  8480 | D:8      | Reached skill level 8 in Spellcasting
  8959 | D:8      | Found a staircase to the Lair.
  8992 | D:8      | Found a shimmering blue altar of Sif Muna.
  9438 | D:8      | Noticed a lindwurm
  9438 | D:8      | Noticed a lindwurm
  9438 | D:8      | Noticed a lindwurm
  9438 | D:8      | Noticed a lindwurm
  9449 | D:8      | Killed from afar by a lindwurm

Illustrated notes

Levels and vault maps discovered:
D:1:      minmay_arrival_stone_box, layout_basic,
          dreamdust_ecumenical_altar_drowned_temple, serial_shops,
          nicolae_shop_trees
D:2:      layout_basic
D:3:      layout_basic, vehumet_altar_wand_db, xom_teletrap_fun,
          minmay_quantized
D:4:      layout_cave_pools, tgw_fedhas, serial_shops, shop, shop,
          nicolae_stop_n_shop_1, nicolae_shop_waterfront, shop_statue,
          minmay_unequal
D:5:      layout_rooms, mainiacjoe_overflow_24_doors, lightli_sewer_entry_pipes,
          nicolae_sextant, hangedman_decor_peaks_small, uniq_crazy_yiuf_cottage,
          uniq_sigmund
D:6:      layout_loops_cross, gammafunk_ghost_smash, minivault_1
D:7:      layout_loops_ring, evilmike_ruin_ashenzari,
          minmay_temple_entry_poolview, serial_shops, shop,
          kennysheep_little_box, nicolae_shop_temple_entry_statues_fountains,
          nrook_uturn
D:8:      layout_basic, lemuel_blue_sif_altar, amcnicky_altar_gilded,
          lair_entry_dummy, minmay_lindwurm_lava
Temple:   minmay_temple_curvy_loop

Skill      XL: |  1  2  3  4  5  6  7  8  9 10 |
---------------+-------------------------------+-----
Transmutations | 2 3 5 |  5.6
Spellcasting   | 5 7 8 |  8.0
Invocations    | 1 2 3 6 |  6.7
Fighting       | 1 2 5 6 |  6.1
Short Blades   | 1 2 5 6 |  6.1
Long Blades    | 1 2 5 6 |  6.1
Axes           | 1 2 5 6 |  6.1
Maces & Flails | 1 2 5 6 |  6.1
Polearms       | 1 2 5 6 |  6.1
Staves         | 1 2 5 6 |  6.1
Slings         | 1 2 5 6 |  6.1
Bows           | 1 2 5 6 |  6.1
Crossbows      | 1 2 5 6 |  6.1
Throwing       | 1 2 5 6 |  6.1
Armour         | 1 2 5 6 |  6.1
Shields        | 1 2 5 6 |  6.1
Unarmed Combat | 1 2 5 6 |  6.1
Evocations     | 1 2 5 6 |  6.1
Conjurations   | 1 2 4 5 |  5.1
Hexes          | 1 2 4 5 |  5.1
Summonings     | 1 2 4 5 |  5.1
Necromancy     | 1 2 4 5 |  5.1
Translocations | 1 2 4 5 |  5.1
Fire Magic     | 1 2 4 5 |  5.1
Ice Magic      | 1 2 4 5 |  5.1
Air Magic      | 1 2 4 5 |  5.1
Poison Magic   | 1 2 4 5 |  5.1
Dodging        | 5 7 |  7.7
Stealth        | 5 7 |  7.5
Earth Magic    | 6 7 |  7.5

Action                   |  1- 3 |  4- 6 |  7- 9 | 10-12 || total
-------------------------+-------+-------+-------+-------++-------
Melee: Short sword       |    14 |    26 |       |       ||    40
       Unarmed           |     7 |       |       |       ||     7
       Bite              |     1 |     8 |     1 |     2 ||    12
       Dagger            |       |    38 |     7 |    28 ||    73
       Punch             |       |       |     1 |     2 ||     3
Throw: Dart              |       |    19 |     7 |       ||    26
 Cast: Sandblast         |    42 |    64 |    66 |     1 ||   173
       Stone Arrow       |       |       |    30 |    97 ||   127
       Slow              |       |       |     3 |       ||     3
Evoke: Phial of floods   |       |       |     1 |       ||     1
  Use: Potion            |       |     2 |     2 |     1 ||     5
       Scroll            |       |       |     9 |       ||     9
 Stab: Sleeping          |     8 |     5 |     1 |     1 ||    15
Armor: Robe              |     8 |     7 |     9 |    10 ||    34
Dodge: Dodged            |    25 |    48 |    26 |    70 ||   169
